 Dungeon Crawl Stone Soup version 0.21.1-1-g345015f (webtiles) character file.

127 shakethe the Chopper (level 5, -1/45 HPs)
             Began as a Hill Orc Fighter on Feb 9, 2018.
             Killed by divine providence
             ... invoked by an orc priest
              (9 damage)
             ... on level 3 of the Dungeon.
             The game lasted 00:03:12 (1571 turns).

shakethe the Chopper (Hill Orc Fighter)             Turns: 1571, Time: 00:03:12

Health: -1/45      AC: 16    Str: 20    XL:     5   Next: 11%
Magic:  5/5        EV:  7    Int:  8    God:
Gold:   101        SH:  9    Dex: 10    Spells: 4/4 levels left

rFire    . . .     SeeInvis .   a - +0 war axe
rCold    . . .     Gourm    .   c - +0 shield
rNeg     . . .     Faith    .   b - +0 scale mail
rPois    .         Spirit   .   s - +0 helmet
rElec    .         Reflect  .   i - +2 cloak
rCorr    .         Harm     .   (no gloves)
MR       .....                  (no boots)
Stlth    ..........             (no amulet)
HPRegen  0.15/turn              k - +5 ring of protection
MPRegen  0.09/turn              (no ring)

@: no status effects
A: no striking features
a: Convert to Beogh


You were on level 3 of the Dungeon.
You were hungry.

You visited 1 branch of the dungeon, and saw 3 of its levels.

You collected 101 gold pieces.

Inventory:

Hand Weapons
 a - a +0 war axe (weapon)
Armour
 b - a +0 scale mail (worn)
 c - a +0 shield (worn)
 i - a +2 cloak (worn)
   (You found it on level 1 of the Dungeon)
 j - a scarf of spirit shield
   (You found it on level 2 of the Dungeon)
 s - a +0 helmet (worn)
   (You found it on level 3 of the Dungeon)
Jewellery
 k - a +5 ring of protection (left hand)
   (You found it on level 2 of the Dungeon)
Scrolls
 g - 6 scrolls of identify {unknown}
 h - a scroll of fear {unknown}
 m - a scroll of enchant weapon {unknown}
 n - a scroll of enchant armour {unknown}
 q - a scroll of fog {unknown}
 r - a scroll of teleportation {unknown}
Potions
 d - 2 potions of might
 e - 2 potions of brilliance {unknown}
 l - a potion of curing {unknown}
 o - a potion of cancellation {unknown}
 p - 2 potions of magic {unknown}
Comestibles
 f - 4 rations


   Skills:
 - Level 3.6 Fighting
 + Level 5.5 Axes
 - Level 3.2 Armour
 + Level 1.0 Dodging
 + Level 4.3 Shields


You had 4 spell levels left.
You didn't know any spells.

Dungeon Overview and Level Annotations

Branches:
Dungeon (3/15)

Altars:
Elyvilon
Wu Jian


Message History

No target in view!
No target in view!
No target in view!
No target in view!
No target in view!
No target in view!
No target in view!
No target in view!
s - a helmet
There are no items here.
You are feeling hungry.
You start putting on your armour.
You continue putting on your helmet. x4
You finish putting on your +0 helmet.
A bat comes into view.
The bat hits you but does no damage.
You slash the bat!
You kill the bat!
No target in view!
No target in view!
No target in view!
No target in view!
No target in view!
No target in view!
No target in view!
No target in view!
No target in view!
No target in view!
No target in view!
No target in view!
An orc comes into view. It is wielding a short sword.
The orc shouts!
You hear a shout!
An orc priest comes into view. It is wielding a dagger.
An orc and an orc wizard come into view.
The orc wizard shouts!
The orc shouts!
The orc priest threatens, "By the altar or by the axe, you will meet Beogh!" (press Y on the ability menu to convert to Beogh)
You closely miss the orc. You closely miss the orc priest.
The orc priest invokes the aid of Beogh against you.
Pain shoots through your body! The orc hits you but does no damage. x2
You take 11 damage, and have 28/39 hp.
MASSIVE DAMAGE!!
You hit the orc priest. You slash the orc wizard! You completely miss the orc.
Your shield and scale mail prevent you from hitting the orc.
The orc priest hits you but does no damage.
The orc hits you but does no damage.
The orc wizard gestures at you while chanting.
You block the puff of frost. The orc hits you but does no damage.
You block the orc priest's attack. The orc hits you but does no damage.
You closely miss the orc wizard.
You hit the orc priest but do no damage.
You closely miss the orc. You hit the orc.
The orc wizard hits you but does no damage.
The orc hits you but does no damage. The orc priest barely misses you.
You block the orc's attack.
The orc wizard hits you but does no damage.
You closely miss the orc wizard. You closely miss the orc priest.
You barely miss the orc. You hit the orc.
You kill the orc!
The orc hits you but does no damage. You block the orc priest's attack.
The orc wizard hits you but does no damage.
You block the orc's attack.
The orc priest shouts, "Surrender to Beogh and we'll let you live!"
The orc priest closely misses you.
You hit the orc wizard.
You hit the orc priest but do no damage.
Your shield and scale mail prevent you from hitting the orc.
The orc wizard hits you but does no damage.
The orc hits you but does no damage.
The orc priest looks braver for a moment.
The orc wizard hits you but does no damage.
You hit the orc wizard.
You kill the orc wizard!
You have reached level 5!
You feel stronger.
You barely miss the orc priest.
The orc priest shouts, "Beogh is our master!
Accept the truth or die!"
Your shield and scale mail prevent you from hitting the orc.
The orc priest shouts, "Surrender to Beogh and we'll let you live!"
The orc hits you but does no damage.
The orc priest shouts, "Join the one true god or die!"
The orc priest hits you but does no damage.
You regained 5 hp, and now have 33/45 hp.
MP restored: 5 You slash the orc priest!
You slash the orc!
You kill the orc!
The orc priest invokes the aid of Beogh against you.
Beogh smites you!
The orc priest calls down the wrath of Beogh upon you.
Pain shoots through your body!
* * * LOW HITPOINT WARNING * * *
You take 26 damage, and have 7/45 hp.
MASSIVE DAMAGE!!
You are too injured to fight recklessly!
Your shield and scale mail prevent you from hitting the orc priest.
The orc priest hits you but does no damage.
You closely miss the orc priest. The orc priest barely misses you.
You hit the orc priest but do no damage.
The orc priest invokes the aid of Beogh against you.
Beogh smites you!
You die...

.#....................
#...................#
....................#
....................#
.....####...........#..
#........###..........
#........# #......#...
###......# ###....#
#......# #$)@.#
###......# #..)o)#
.........# #.....#
.........# #.....#
............#......
............#.......
.....................
##..........###......
...........


You could see an orc priest.

Vanquished Creatures
  An orc wizard (D:3)
  An iguana (D:2)
  An ooze (D:1)
  A worm (D:2)
  A dart slug (D:1)
  2 leopard geckos (D:1)
  2 orcs (D:3)
  A giant cockroach (D:2)
  18 goblins
  6 hobgoblins
  3 quokkas
  A ball python (D:1)
  7 bats
  A frilled lizard (D:1)
  5 kobolds
  4 rats
55 creatures vanquished.

Notes
Turn   | Place    | Note
-------+----------+-------------------------------------------
     0 | D:1      | shakethe the Hill Orc Fighter began the quest for the Orb.
     0 | D:1      | Reached XP level 1. HP: 19/19 MP: 1/1
    85 | D:1      | Reached skill level 3 in Axes
   103 | D:1      | Reached XP level 2. HP: 25/26 MP: 2/2
   363 | D:1      | Reached XP level 3. HP: 25/31 MP: 3/3
   409 | D:1      | Reached skill level 4 in Shields
   945 | D:2      | Reached skill level 4 in Axes
  1084 | D:2      | Found a white marble altar of Elyvilon.
  1314 | D:2      | Reached XP level 4. HP: 39/39 MP: 4/4
  1350 | D:2      | Found an ornate altar of the Wu Jian Council.
  1494 | D:3      | Reached skill level 1 in Dodging
  1527 | D:3      | Reached skill level 5 in Axes
  1567 | D:3      | Reached XP level 5. HP: 33/45 MP: 5/5
  1568 | D:3      | HP: 7/45 [orc priest/nerve-wracking pain (14)]
  1571 | D:3      | Killed from afar by an orc priest

Skill      XL: |  1  2  3  4 |
---------------+-------------+-----
Axes           | 3 4 5 |  5.5
Shields        | 4 |  4.3
Dodging        | 1 |  1.0
Fighting       | |  3.6
Armour         | |  3.2

Action                   |  1- 3 |  4- 6 || total
-------------------------+-------+-------++-------
Melee: War axe           |   167 |    36 ||   203
  Eat: Chunk             |     2 |       ||     2
Armor: Scale mail        |    76 |    30 ||   106
Dodge: Dodged            |    47 |     8 ||    55
Block: Shield            |    89 |    17 ||   106

Vault maps used:
D:1:      dpeg_arrival_rhombus
D:2:      overflow_temple_1_default, lemuel_crystal_altar, grunt_ministairs_2

Table legend:
 A = Turns spent in this place as a percentage of turns spent in the entire game.
 B = Non-inter-level travel turns spent in this place as a percentage of non-inter-level travel turns spent in the entire game.
 C = Inter-level travel turns spent in this place as a percentage of turns spent in this place.
 D = Turns resting spent in this place as a percentage of non-inter-level travel turns spent in this place.
 E = Turns spent auto-exploring this place as a percentage of non-inter-level travel turns spent in this place.
 F = Non-inter-level travel turns spent in this place divided by the number of levels of this place that you've seen.
                   A       B       C       D       E      F
               +-------+-------+-------+-------+-------+----------------------
         Total | 100.0 | 100.0 |   1.8 |   1.2 |  71.9 | 514.0
       Dungeon | 100.0 | 100.0 |   1.8 |   1.2 |  71.9 | 514.0
               +-------+-------+-------+-------+-------+----------------------

Table legend:
 A = Kills in this place as a percentage of kills in entire the game.
 B = Kills by you in this place as a percentage of kills by you in the entire game.
 C = Kills by friends in this place as a percentage of kills by friends in the entire game.
 D = Other kills in this place as a percentage of other kills in the entire game.
 E = Experience gained in this place as a percentage of experience gained in the entire game.
 F = Experience gained in this place divided by the number of levels of this place that you have seen.
                   A       B       C       D       E      F
               +-------+-------+-------+-------+-------+----------------------
         Total | 100.0 | 100.0 |   N/A |   N/A | 100.0 |  60.7
       Dungeon | 100.0 | 100.0 |   N/A |   N/A | 100.0 |  60.7
               +-------+-------+-------+-------+-------+----------------------
